 Dungeon Crawl Stone Soup version 0.31.0-32-g396128a36d (webtiles) character file.

Game seed: 6691488677623980796

438 safid the Ruffian (level 6, 0/48 HPs)
             Began as a Draconian Shapeshifter on Mar 18, 2024.
             Shot with an arrow by a centaur (5 damage)
             ... on level 4 of the Dungeon.
             The game lasted 00:03:48 (2918 turns).

safid the Ruffian (Draconian Shapeshifter)          Turns: 2918, Time: 00:03:49

Health: 0/48       AC: 10    Str: 19    XL:     6   Next: 69%
Magic:  6/6        EV: 12    Int: 10    God:
Gold:   139        SH:  0    Dex: 10    Spells: 5/5 levels left

rFire   . .          .
                       - Unarmed
rCold   . . .        (no shield)
rNeg    . . .        (body armour unavailable)
rPois   .            (helmet currently unavailable)
rElec   .            (cloak currently unavailable)
rCorr   .            (gloves currently unavailable)
SInv    .            (boots currently unavailable)
Will    .....        h - amulet of magic regeneration
Stlth   +            g - +4 ring of protection
HPRegen 0.28/turn    (no ring)
MPRegen 0.50/turn

%: no passive effects
@: beast-form
A: beast (slay +2), AC +6, unfitting armour, cold-blooded
a: Begin Untransformation


You were on level 4 of the Dungeon.
You were a hulking beast.
You visited 1 branch of the dungeon, and saw 4 of its levels.

You collected 181 gold pieces.
You spent 42 gold pieces at shops.

Inventory:

Missiles
 q - a throwing net (quivered)
Jewellery
 g - a +4 ring of protection (left hand)
 h - an amulet of magic regeneration (around neck)
Talismans
 b - a beast talisman
 c - a flux talisman
Wands
 l - a wand of mindburst (8)
Scrolls
 d - a scroll of fog {unknown}
 e - 2 scrolls of immolation {unknown}
 i - 4 scrolls of teleportation {unknown}
 k - 4 scrolls of identify {unknown}
 m - 2 scrolls of noise {unknown}
 n - 2 scrolls of revelation {unknown}
 p - a scroll of poison {unknown}
 s - a scroll of vulnerability {unknown}
Potions
 a - a potion of lignification
 f - a potion of curing {unknown}
 j - a potion of berserk rage {unknown}
 o - a potion of heal wounds {unknown}
 r - a potion of enlightenment {unknown}


   Skills:
 + Level 2.0 Fighting
 - Level 2.0 Dodging
 + Level 5.8 Unarmed Combat
 * Level 5.1 Shapeshifting


You had 5 spell levels left.
You didn't know any spells.
Your spell library contained the following spells:

 Spells                   Type           Power      Damage    Failure   Level
 Stone Arrow              Conj/Erth      0%         3d7       75%         3
 Olgreb's Toxic Radiance  Alch           0%         N/A       98%         4
 Ozocubu's Refrigeration  Ice            0%         4d7       100%        7
 Discord                  Hex            0%         N/A       100%        8
 Lehudib's Crystal Spear  Conj/Erth      0%         10d2      100%        8
 Animate Armour           Summ/Erth      Unusable   N/A       N/A         4

Dungeon Overview and Level Annotations

Branches:
Dungeon (4/15)
 Temple: D:4-7

Altars:
Zin

Shops:
D:3 *


Innate Abilities, Weirdness & Mutations

You are a hulking beast.
Your limbs bulge with bestial killing power. (Slay +2)
Your plain brown scales are hard. (AC +6)
You cannot fit into any form of body armour.
You are cold-blooded and may be slowed by cold attacks.


Message History

The ribbon worm closely misses you.
You hit the ribbon worm.
The ribbon worm is almost dead.
You punch the ribbon worm!
You kill the ribbon worm!
You see here a ribbon worm corpse.
Found a stone staircase leading down.
A gnoll comes into view.
It is wielding a +0 halberd. 3 gnolls come into view.
The gnoll shouts! x3
The gnoll moves out of view.
There is a stone staircase leading down here.
The gnoll hits you from afar with a +0 halberd!
The gnoll hits you but does no damage. The gnoll closely misses you.
You see here a ring of protection from fire.
Unknown command.
The gnoll barely misses you. The gnoll attacks as it pursues you!
The gnoll barely misses you. The gnoll attacks as it pursues you!
The gnoll hits you but does no damage.
Found a glowing short sword.
A centaur comes into view.
The gnoll attacks as it pursues you! The gnoll barely misses you.
You hit the gnoll.
The gnoll is lightly wounded.
The centaur shouts!
The centaur wields a +0 shortbow.
The centaur shoots an arrow.
The arrow hits you! The gnoll misses you.
You punch the gnoll!
The gnoll is almost dead.
The centaur shoots an arrow.
The arrow hits you.
The centaur shoots an arrow.
The arrow hits you!
The centaur shoots an arrow.
The arrow closely misses you.
The arrow hits the gnoll!
The gnoll dies!
The centaur shoots an arrow.
The arrow hits you!
* * * LOW HITPOINT WARNING * * *
Unknown command.
The centaur shoots an arrow.
The arrow hits you!
* * * LOW HITPOINT WARNING * * *
The centaur shoots an arrow.
The arrow hits you.
You die...

### ... ##c# ## ######
#... ) #....# ..# #
#.#.##.##.# #. #.
#.#.#...h.# #.. #.
#.#.#....## #...# #.
#.#.#.g..# #...#
####.##.#.#).#.....#
#...#
###.......#.g###..#.##
#...#
#.........##g##..## #
#...#
#.................#
#...#
#......=....#..#.###
#...#
#.........###.##.#.##
######...#


You could see a centaur and 3 gnolls.

Vanquished Creatures
  Eustachio (D:4)
  An orc priest (D:3)
  A bombardier beetle (D:2)
  2 iguanas
  2 orc wizards (D:4)
  3 adders
  A white imp (D:4)
  4 dart slugs
  2 ribbon worms
  8 orcs
  3 ball pythons
  8 endoplasms
  2 giant cockroaches
  8 goblins
  5 hobgoblins
  4 jackals
  8 quokkas
  3 bats
  2 frilled lizards (D:2)
  6 kobolds
  9 rats
83 creatures vanquished.

Vanquished Creatures (others)
  A gnoll (D:4)
1 creature vanquished.

Grand Total: 84 creatures vanquished

Notes
Turn   | Place    | Note
-------+----------+-------------------------------------------
     0 | D:1      | safid the Draconian Shapeshifter began the quest for the
                  | Orb.
     0 | D:1      | Reached XP level 1. HP: 16/16 MP: 1/1
   238 | D:1      | Reached XP level 2. HP: 23/23 MP: 2/2
   567 | D:2      | Noticed a bombardier beetle
   577 | D:2      | Killed a bombardier beetle
   578 | D:2      | Reached XP level 3. HP: 28/28 MP: 3/3
   774 | D:2      | Identified the +6 plate armour of the Centaur {*Slow Fly
                  | rPois rCorr}
   880 | D:2      | Reached XP level 4. HP: 35/35 MP: 4/4
  1374 | D:3      | Reached XP level 5. HP: 41/41 MP: 5/5
  1649 | D:3      | Found Tyhoxzut's General Store.
  1657 | D:3      | Bought a throwing net for 42 gold pieces
  2180 | D:4      | Noticed Eustachio
  2213 | D:4      | Killed Eustachio
  2214 | D:4      | Reached skill level 5 in Unarmed Combat
  2214 | D:4      | Reached XP level 6. HP: 40/48 MP: 6/6
  2437 | D:4      | Reached skill level 5 in Shapeshifting
  2689 | D:4      | Found a glowing silver altar of Zin.
  2918 | D:4      | Shot with an arrow by a centaur

Illustrated notes

Levels and vault maps discovered:
D:1:      lightli_arrival_maybe_door_vault, layout_rooms
D:2:      layout_basic
D:3:      layout_basic, serial_shops, shop, minmay_unequal
D:4:      layout_cave_pools, zin_statuary, serial_co_window_serial,
          co_window_of_opportunity_a, co_window_cross_1, co_window_paths_a,
          co_window_paths_a, co_window_paths_a, co_window_corner_ca,
          co_window_2corner, co_window_2corner, co_window_broadway_a,
          co_window_corner_cb, co_window_unsneaky_path_e,
          co_window_unsneaky_path_e, co_window_paths_d, glass_columns_a,
          glass_columns_c, nicolae_zig_zag_zippers, uniq_eustachio

Skill      XL: |  1  2  3  4  5  6 |
---------------+-------------------+-----
Dodging        | 2 |  2.0
Shapeshifting  | 4 5 |  5.1
Unarmed Combat | 4 5 |  5.8
Fighting       | 2 |  2.0

Action                     |  1- 3 |  4- 6 || total
---------------------------+-------+-------++-------
  Melee: Unarmed           |    72 |   166 ||   238
         Tailslap          |    12 |    12 ||    24
         Punch             |     1 |     3 ||     4
 Armour: Skin              |    32 |    85 ||   117
  Dodge: Dodged            |    44 |   100 ||   144
